 Dungeon Crawl Stone Soup version 0.22-a0-305-gd21a89c (webtiles) character file.

2621 vishdafish the Slasher (level 9, -11/71 HPs)
             Began as a Demonspawn Fighter on Mar 28, 2018.
             Was an Initiate of Ru.
             Killed from afar by Joseph (12 damage)
             ... with a wand of acid (7)
             ... on level 7 of the Dungeon.
             The game lasted 00:09:57 (8268 turns).

vishdafish the Slasher (Demonspawn Fighter)         Turns: 8268, Time: 00:09:58

Health: -11/71     AC:  7    Str: 21    XL:     9   Next: 34%
Magic:  0/9        EV:  8    Int: 15    God:    Ru [......]
Gold:   237        SH: 11    Dex: 16    Spells: 8/8 levels left

rFire    . . .     SeeInvis .   a - +0 long sword
rCold    . . .     Gourm    .   c - +0 shield
rNeg     . . .     Faith    .   b - +0 scale mail
rPois    .         Spirit   +   (helmet restricted)
rElec    .         Reflect  .   (no cloak)
rCorr    .         Harm     .   n - +0 pair of gloves
MR       .....                  (no boots)
Stlth    ..........             o - amulet of magic regeneration
HPRegen  0.21/turn              j - +3 ring of intelligence
MPRegen  0.36/turn              y - ring of wizardry

@: mighty, corroded
A: horns 1, icy blue scales 1, agile 1, shaggy fur 1, magic shield
a: Renounce Religion


You were on level 7 of the Dungeon.
You worshipped Ru.
Ru was noncommittal.
You were not hungry.

You visited 2 branches of the dungeon, and saw 8 of its levels.

You collected 237 gold pieces.

Inventory:

Hand Weapons
 a - a +0 long sword (weapon)
Missiles
 h - 63 sling bullets
 v - 4 tomahawks of returning (quivered)
Armour
 b - a +0 scale mail (worn)
 c - a +0 shield (worn)
 n - a +0 pair of gloves (worn)
Jewellery
 d - an uncursed amulet of the acrobat
 j - a +3 ring of intelligence (left hand)
 o - an amulet of magic regeneration (around neck)
 y - a ring of wizardry (right hand)
Wands
 w - a wand of digging (10)
Scrolls
 m - 2 scrolls of teleportation
 p - a scroll of enchant armour
 q - a scroll of magic mapping
 r - a scroll of fog
 s - 4 scrolls of enchant weapon
 C - 3 scrolls of amnesia
 D - a scroll of identify
Potions
 e - 4 potions of haste {unknown}
 g - a potion of ambrosia {unknown}
 i - a potion of degeneration {unknown}
 k - a potion of magic {unknown}
 l - 4 potions of mutation
 t - a potion of brilliance {unknown}
 u - 3 potions of resistance
 x - a potion of curing {unknown}
 z - a potion of flight {unknown}
 B - a potion of agility {unknown}
Comestibles
 f - 13 rations
 E - 4 chunks of flesh


   Skills:
 + Level 6.5 Fighting
 * Level 7.5 Long Blades
 + Level 5.9 Armour
 + Level 5.8 Shields


You had 8 spell levels left.
You didn't know any spells.

Dungeon Overview and Level Annotations

Branches:
Dungeon (7/15)             Temple (1/1) D:7

Altars:
Cheibriados
Dithmenos
Elyvilon
Gozag
Nemelex Xobeh
Ru
Sif Muna
Wu Jian
Xom
The Shining One

Annotations:
D:5 1 runed door
D:7 Joseph


Innate Abilities, Weirdness & Mutations

You have a pair of small horns on your head.
You are partially covered in icy blue scales. (AC +2)
When hurt, damage is shared between your health and your magic reserves.
You are agile. (Dex +2)
You are covered in fur. (AC +1)


Message History

Joseph zaps a wand.
The bolt of acid hits you!
You are splashed with acid!
The acid burns!
* * * LOW HITPOINT WARNING * * *
Things that are here:
a club; a scroll of teleportation; an adder corpse You barely miss Joseph.
You headbutt Joseph!
Joseph is lightly wounded.
Joseph unwields an uncursed hunting sling.
Joseph wields an uncursed quarterstaff.
Joseph hits you but does no damage.
You hit Joseph. You headbutt Joseph.
Joseph is moderately wounded.
Joseph zaps a wand.
The bolt of acid hits you!
* * * LOW HITPOINT WARNING * * *
The acid corrodes you!
You are splashed with acid!
The acid burns!
* * * LOW HITPOINT WARNING * * *
Okay, then.
It was a potion of mutation.
You feel extremely strange.
You feel agile. Fur sprouts all over your body.
Joseph zaps a wand.
The bolt of acid hits you!
You die...

###############
..⌠...........#
##
......#######.#
.. ⌠.>.⌠.# #.#
.# ..)...#####
#.# .#
..⌠.......#
#.###.####.#
##.....##[#
#(..@@......
#######
#.###.####..
#.# .# #.# ..
... ... #####
... .... .....
.#.. .....
##### .#.
..<.##


You could see Joseph.

Vanquished Creatures
  A hippogriff (D:7)
  3 ice beasts
  2 black bears (D:7)
  2 orc warriors
  5 ogres
  A centaur (D:5)
  A big kobold (D:7)
  A scorpion (D:3)
  4 wights (D:7)
  8 howler monkeys
  2 crimson imps
  3 hounds
  An orc priest (D:5)
  2 bullfrog skeletons
  An iguana (D:4)
  8 worker ants
  A hound zombie (D:7)
  3 hound skeletons
  11 adders
  An ooze (D:7)
  3 worms
  A dart slug (D:4)
  2 leopard geckos
  22 orcs
  9 bats
  2 giant cockroaches
  8 goblins
  6 hobgoblins
  17 kobolds
  6 quokkas
  A frilled lizard (D:2)
  8 rats
146 creatures vanquished.

Vanquished Creatures (others)
  An orc (D:7)
1 creature vanquished.

Grand Total: 147 creatures vanquished

Notes
Turn   | Place    | Note
-------+----------+-------------------------------------------
     0 | D:1      | vishdafish the Demonspawn Fighter began the quest for the Orb.
     0 | D:1      | Reached XP level 1. HP: 18/18 MP: 1/1
   433 | D:1      | Gained mutation: You are partially covered in icy blue scales. (AC +2) [demonic ancestry]
   433 | D:1      | Reached XP level 2. HP: 11/24 MP: 2/2
   659 | D:1      | Reached skill level 2 in Long Blades
  1161 | D:2      | Reached XP level 3. HP: 10/29 MP: 3/3
  1785 | D:2      | Reached XP level 4. HP: 22/35 MP: 4/4
  2690 | D:3      | Reached skill level 3 in Long Blades
  2941 | D:3      | Reached XP level 5. HP: 38/42 MP: 5/5
  3698 | D:4      | Noticed an ogre
  3704 | D:4      | Killed an ogre
  3704 | D:4      | Gained mutation: You have a pair of small horns on your head. [demonic ancestry]
  3704 | D:4      | Reached XP level 6. HP: 27/48 MP: 6/6
  3900 | D:4      | Found an opulent altar of Gozag.
  4131 | D:4      | Reached skill level 4 in Long Blades
  4592 | D:5      | Entered Level 5 of the Dungeon
  4661 | D:5      | Noticed an ice beast
  4682 | D:5      | Reached XP level 7. HP: 55/55 MP: 7/7
  4806 | D:5      | Found a runed door.
  4823 | D:5      | Found a white marble altar of Elyvilon.
  4823 | D:5      | Noticed an angel
  4994 | D:5      | Reached skill level 5 in Long Blades
  5283 | D:5      | Reached skill level 5 in Fighting
  5990 | D:6      | Gained mutation: When hurt, damage is shared between your health and your magic reserves. [demonic ancestry]
  5990 | D:6      | Reached XP level 8. HP: 62/62 MP: 8/8
  6531 | D:6      | Reached skill level 5 in Armour
  6744 | D:6      | Reached skill level 6 in Long Blades
  6911 | D:7      | Noticed a hippogriff
  6911 | D:7      | Reached skill level 5 in Shields
  6938 | D:7      | Killed a hippogriff
  7782 | D:7      | Found a staircase to the Ecumenical Temple.
  7868 | D:7      | Reached XP level 9. HP: 37/69 MP: 7/9
  7891 | D:7      | Reached skill level 7 in Long Blades
  7980 | Temple   | Entered the Ecumenical Temple
  8018 | Temple   | Became a worshipper of Ru the Awakened
  8257 | D:7      | Noticed Joseph
  8267 | D:7      | HP: 1/71 [acid (9)]
  8268 | D:7      | Gained mutation: You are agile. (Dex +2) [potion of mutation]
  8268 | D:7      | Gained mutation: You are covered in fur. (AC +1) [potion of mutation]
  8268 | D:7      | Killed from afar by Joseph

Vault maps used:
D:1:      dpeg_arrival_rooms_c
D:4:      nicolae_gozag_seed_capital, first_ration
D:5:      lemuel_angel_altar
D:7:      hangedman_cross_stitches, grunt_temple_overflow_cloverleaf,
          temple_fountains, serial_shops, nicolae_shop_behind_doors,
          grunt_ogre_cave, uniq_joseph
Temple:   nicolae_temple_elliptical

Skill      XL: |  1  2  3  4  5  6  7  8  9 |
---------------+----------------------------+-----
Long Blades    | 2 3 4 5 6 7 |  7.5
Armour         | 3 4 5 |  5.9
Shields        | 3 4 5 |  5.8
Fighting       | 4 5 6 |  6.5

Action                   |  1- 3 |  4- 6 |  7- 9 || total
-------------------------+-------+-------+-------++-------
Melee: Long sword        |   129 |   197 |   320 ||   646
       Headbutt          |       |    15 |    54 ||    69
Throw: Tomahawk          |       |     5 |     2 ||     7
  Use: Potion            |     1 |       |     3 ||     4
       Scroll            |       |       |    10 ||    10
  Eat: Chunk             |     2 |     5 |     7 ||    14
       Ration            |       |     2 |     1 ||     3
Armor: Scale mail        |    60 |   102 |   141 ||   303
Dodge: Dodged            |    41 |    53 |   102 ||   196
Block: Shield            |    58 |   107 |   151 ||   316
       Rpst.: Long sword |    16 |    16 |    15 ||    47

Table legend:
 A = Spawn XP
 B = Non-spawn XP
 C = Spawn XP percentage of total XP
 D = Spawn monster count
 E = Non-spawn monster count
 F = Spawn count percentage of total count
 G = Total turns spent on level
                    A         B        C        D         E        F      G
               +---------+---------+-------+---------+---------+-------+---------
         Total |       0 |    3745 |   0.0 |       0 |     146 |   0.0 |  8268
               +---------+---------+-------+---------+---------+-------+---------
           D:1 |       0 |      32 |   0.0 |       0 |      19 |   0.0 |  1080
           D:2 |       0 |     116 |   0.0 |       0 |      25 |   0.0 |  1482
           D:3 |       0 |     142 |   0.0 |       0 |      26 |   0.0 |  1136
           D:4 |       0 |     380 |   0.0 |       0 |      13 |   0.0 |   894
           D:5 |       0 |     706 |   0.0 |       0 |      18 |   0.0 |  1382
           D:6 |       0 |     628 |   0.0 |       0 |      10 |   0.0 |  1256
           D:7 |       0 |    1741 |   0.0 |       0 |      35 |   0.0 |   811
               +---------+---------+-------+---------+---------+-------+---------
